 Dungeon Crawl Stone Soup version 0.28.0-1-gb440e238dd (webtiles) character file.

Game seed: 8572769217657325386

944 zeram the Covert (level 8, -7/46 HPs)
             Began as an Octopode Enchanter on Feb 20, 2022.
             Was an Initiate of Gozag.
             Mangled by an orc warrior (16 damage)
             ... on level 5 of the Dungeon.
             The game lasted 00:09:01 (6895 turns).

zeram the Covert (Octopode Enchanter)               Turns: 6895, Time: 00:09:02

Health: -7/46      AC:  1    Str:  7    XL:     8   Next: 12%
Magic:  12/13      EV: 13    Int: 20    God:    Gozag
Gold:   309        SH:  0    Dex: 12    Spells: 9/14 levels left

rFire   . . .      SeeInvis .   f - +4 dagger (vorpal)
rCold   . . .      Faith    .   (no shield)
rNeg    . . .      Spirit   .   (helmet restricted)
rPois   .          Reflect  .   (no amulet)
rElec   .          Harm     .   (no ring)
rCorr   .          Rampage  .   (no ring)
Will    .....                   (no ring)
Stlth   +++++.....              (no ring)
HPRegen 0.15/turn               (no ring)
MPRegen 0.13/turn               (no ring)
                                (no ring)
                                (no ring)

@: about to teleport
A: almost no armour, amphibious, 8 rings, camouflage 1, gelatinous body 1,
(nimble swimmer 1), tentacles
a: Renounce Religion, Potion Petition, Call Merchant, Bribe Branch


You were on level 5 of the Dungeon.
You worshipped Gozag.
Gozag was aware of your devotion.
You visited 2 branches of the dungeon, and saw 6 of its levels.

You collected 354 gold pieces.
You paid 45 gold pieces to Gozag.

Inventory:

Hand Weapons
 a - a +1 dagger
 f - a +4 vorpal dagger (weapon)
Missiles
 g - 3 throwing nets (quivered)
Jewellery
 j - an amulet of magic regeneration
 n - a +6 ring of intelligence
Wands
 o - a wand of flame (11)
Scrolls
 b - 2 scrolls of amnesia
 e - 2 scrolls of teleportation
 p - a scroll of identify
Potions
 c - 2 potions of degeneration
 d - a potion of magic
 h - a potion of attraction {unknown}
 i - 3 potions of curing
 k - a potion of berserk rage {unknown}
 l - a potion of might {unknown}
 m - a potion of cancellation {unknown}


   Skills:
 + Level 3.7 Short Blades
 + Level 3.3 Dodging
 + Level 9.3 Stealth
 * Level 3.6 Spellcasting
 * Level 4.7 Hexes


You had 9 spell levels left.
You knew the following spells:

 Your Spells              Type           Power      Damage    Failure   Level
a - Ensorcelled Hibernat  Hex/Ice        26%        N/A       8%          2
b - Tukima's Dance        Hex            22%        N/A       6%          3

Your spell library contained the following spells:

 Spells                   Type           Power      Damage    Failure   Level
 Confusing Touch          Hex            22%        N/A       6%          3
 Animate Skeleton         Necr           6%         N/A       14%         1
 Pain                     Necr           12%        1d4       14%         1
 Shock                    Conj/Air       12%        1d3       14%         1
 Dazzling Flash           Conj/Hex       26%        N/A       16%         3
 Corpse Rot               Necr/Air       6%         N/A       21%         2
 Poisonous Vapours        Pois/Air       6%         N/A       21%         2
 Swiftness                Air            3%         N/A       38%         3
 Vampiric Draining        Necr           3%         2d6       38%         3
 Airstrike                Air            1%         N/A       80%         4


Dungeon Overview and Level Annotations

Branches:
Dungeon (5/15)             Temple (1/1) D:4

Altars:
Ashenzari
Cheibriados
Dithmenos
Elyvilon
Fedhas
Gozag
Hepliaklqana
Kikubaaqudgha
Makhleb
Nemelex Xobeh
Okawaru
Qazlal
Ru
Sif Muna
Trog
Uskayaw
Vehumet
Wu Jian
Xom
Yredelemnul
Zin
The Shining One


Innate Abilities, Weirdness & Mutations

You cannot wear most types of armour.
You are amphibious.
You can wear up to eight rings at the same time.
Your skin changes colour to match your surroundings (Stealth+).
Your rubbery body absorbs attacks. (AC +1, EV +1)
((You are camouflaged when in or above water. (Stealth+)))
You have tentacles for arms and can constrict up to eight enemies at once.


Message History

The orc wizard hits you with a +0 dagger.
The orc closely misses you.
The orc is distracted by your dazzling golden aura.
You bump into the rock wall.
The orc hits you from afar with a +0 trident!
You're too confused to cast spells.
An orc comes into view. It is wielding a +0 mace.
The orc is distracted by your dazzling golden aura.
The orc misses you.
The orc wizard is distracted by your dazzling golden aura.
You're too confused to move!
The orc closely misses you. The orc warrior barely misses you.
You miss the orc warrior.
The orc is no longer distracted by gold.
The orc closely misses you.
You bump into the rock wall.
You feel less confused.
The orc is no longer distracted by gold.
The orc wizard is no longer distracted by gold.
The orc warrior hits you with a +0 short sword!
The orc hits you from afar with a +0 trident!
* * * LOW HITPOINT WARNING * * *
You feel better. The orc hits you with a +0 short sword.
The orc warrior closely misses you. The orc wizard barely misses you.
The orc misses you.
You feel better. The orc closely misses you.
The orc warrior closely misses you.
The orc wizard hits you with a +0 dagger.
The orc hits you from afar with a +0 trident!
As you read the scroll of teleportation, it crumbles to dust.
You feel strangely unstable. The orc closely misses you.
The orc warrior closely misses you.
The orc hits you from afar with a +0 trident.
The orc wizard hits you with a +0 dagger.
* * * LOW HITPOINT WARNING * * *
The orc hits you with a +0 short sword.
* * * LOW HITPOINT WARNING * * *
The orc warrior hits you with a +0 short sword!
You die...
Your body crumbles into a pile of gold.

#############..##.##.###
?.#...[(..##..##.##.#..
.'.......#####.....#.#
#.......#..{##.......
#...oo$.'... ######.#
#..w{oo.# #.. ##o## #..
#o.o# #.# #8@8# ######.#
#...########......#
##.##........######
###'########### #...#
#.### #.# #.# #.#


You could see an orc warrior, an orc wizard, a dart slug and 4 orcs.

Vanquished Creatures
  2 water moccasins (D:5)
  A sky beast (D:5)
  A necrophage (D:5)
  A phantom (D:4)
  A howler monkey (D:4)
  A jelly (D:5)
  A hound (D:5)
  2 iguanas
  An orc wizard (D:5)
  Natasha (thrice) (D:4)
  A hound zombie (D:5)
  A howler monkey zombie (D:4)
  4 gnolls
  2 howler monkey skeletons (D:4)
  5 adders
  A worm (D:2)
  A dart slug (D:2)
  10 orcs
  3 endoplasms
  3 giant cockroaches
  11 goblins
  5 hobgoblins
  6 jackals
  6 quokkas
  5 ball pythons
  16 bats
  3 frilled lizards
  9 kobolds
  3 rats
109 creatures vanquished.

Notes
Turn   | Place    | Note
-------+----------+-------------------------------------------
     0 | D:1      | zeram the Octopode Enchanter began the quest for the Orb.
     0 | D:1      | Reached XP level 1. HP: 11/11 MP: 3/3
    18 | D:1      | Found a faded altar of an unknown god.
   324 | D:1      | Reached XP level 2. HP: 17/17 MP: 5/5
   984 | D:1      | Reached XP level 3. HP: 21/21 MP: 6/6
  1232 | D:2      | Reached skill level 5 in Stealth
  1980 | D:2      | Reached XP level 4. HP: 27/27 MP: 7/7
  2754 | D:3      | Reached skill level 6 in Stealth
  2757 | D:3      | Learned a level 2 spell: Ensorcelled Hibernation
  2761 | D:3      | Learned a level 3 spell: Tukima's Dance
  2963 | D:4      | Reached XP level 5. HP: 31/31 MP: 8/8
  3229 | D:4      | Noticed a phantom
  3238 | D:4      | Killed a phantom
  3239 | D:4      | Reached skill level 7 in Stealth
  3441 | D:4      | Reached XP level 6. HP: 30/36 MP: 9/9
  3811 | D:4      | Noticed Natasha
  3818 | D:4      | Killed Natasha
  3832 | D:4      | Found an ancient bone altar of Kikubaaqudgha.
  4040 | D:4      | Found a staircase to the Ecumenical Temple.
  4088 | D:4      | Noticed Natasha
  4133 | D:4      | Killed Natasha
  4134 | D:4      | Reached skill level 8 in Stealth
  4199 | Temple   | Entered the Ecumenical Temple
  4890 | Temple   | Became a worshipper of Gozag Ym Sagoz the Greedy
  4977 | D:4      | Noticed Natasha
  4987 | D:4      | Killed Natasha
  5248 | D:5      | Entered Level 5 of the Dungeon
  5562 | D:5      | Noticed a water moccasin
  5566 | D:5      | Killed a water moccasin
  5567 | D:5      | Reached XP level 7. HP: 41/41 MP: 7/10
  6229 | D:5      | Reached skill level 9 in Stealth
  6715 | D:5      | Reached XP level 8. HP: 35/46 MP: 10/13
  6877 | D:5      | Found the +1 Delatra's gloves {ID++}
  6895 | D:5      | Mangled by an orc warrior

Illustrated notes

Levels and vault maps discovered:
D:1:      ncdulo_wetmaze, layout_loops_corners, shapermc_ecumenical_altar_venn,
          patterned_corridor
D:2:      layout_basic
D:3:      layout_basic
D:4:      layout_layer_cave, mainiacjoe_overflow_small_starburst,
          minmay_temple_entry_enclosed_plants,
          hangedman_abyss_or_decor_lesser_grid, minmay_misc_feat_roman,
          roderic_batcave, uniq_natasha
D:5:      layout_loops_ring, pf_guarded_unrand_delatra
Temple:   nicolae_temple_the_god_donut

Skill      XL: |  1  2  3  4  5  6  7 |
---------------+----------------------+-----
Stealth        | 5 6 7 8 9 |  9.3
Short Blades   | 2 3 |  3.7
Dodging        | 3 |  3.3
Hexes          | 4 |  4.7
Spellcasting   | 3 |  3.6

Action                   |  1- 3 |  4- 6 |  7- 9 || total
-------------------------+-------+-------+-------++-------
Melee: Dagger            |    55 |    92 |    54 ||   201
       Tentacles         |    12 |    14 |     8 ||    34
       Constrict         |    11 |    18 |     7 ||    36
       Punch             |       |       |     1 ||     1
 Cast: Ensorcelled Hiber |       |     5 |    18 ||    23
       Tukima's Dance    |       |       |     1 ||     1
  Use: Scroll            |     1 |     8 |     2 ||    11
       Potion            |       |     1 |     3 ||     4
 Stab: Sleeping          |    17 |    20 |    14 ||    51
Armor: Skin              |     2 |    14 |     9 ||    25
Dodge: Dodged            |    19 |    72 |    40 ||   131
